AoeStats
← NDF

Arabia

509779847Analyzed
2v2 RM · 3d ago on Sep 28, 2026· 74m 7s· 4 players
Game mode
Random Map
Map size
Medium (4 player)
Population
200
Speed
Normal
Resources
Standard
Victory
Conquest
Starting age
Dark Age
Ending age
Imperial Age
RankedLock teamsTeams togetherTeam positionsShared explorationLock speedFull tech treeHidden civsTurbo modeCheats
Victory
Defeat
🇨🇱 Aztecs · Chile
796
+12
🇨🇱 Chinese · Chile
696
+16
🇦🇷 Teutons · Argentina
713
-14
🇦🇷 Spanish · Argentina
703
-14
NDF
2:42 Loom
11:11 Feudal Age
19:57 Castle Age
19:37 Horse Collar
20:01 Double-Bit Axe
21:15 Bloodlines
23:21 Gold Mining
24:43 Stone Mining
34:35 Imperial Age
33:48 Stone Shaft Mining
34:48 Wheelbarrow
33:59 Town Watch
34:49 Heavy Plow
35:10 Forging
35:53 Capped Ram
37:51 Iron Casting
37:18 Scale Mail Armor
39:09 Elite Teutonic Knight
41:08 Chain Mail Armor
41:24 Masonry
41:37 Ballistics
43:19 Hoardings
42:59 Cavalier
44:17 Elite Skirmisher
45:52 Crop Rotation
46:01 Scale Barding Armor
46:58 Blast Furnace
47:28 Pikeman
48:09 Squires
47:54 Arson
49:10 Ironclad
52:39 Halberdier
60:51 Plate Mail Armor
60:42 Chain Barding Armor
61:15 Paladin
63:42 Paladin
estebanpa
12:12 Feudal Age
10:29 Loom
16:41 Castle Age
14:45 Double-Bit Axe
14:44 Horse Collar
16:33 Gold Mining
17:09 Scale Barding Armor
18:07 Bow Saw
18:37 Chain Barding Armor
18:41 Heavy Plow
21:35 Bloodlines
23:29 Husbandry
32:40 Ballistics
34:59 Imperial Age
33:05 Wheelbarrow
32:17 Town Watch
32:41 Stone Mining
36:21 Scale Mail Armor
36:31 Forging
36:57 Plate Barding Armor
38:25 Stone Shaft Mining
42:06 Two-Man Saw
42:53 Elite Conquistador
44:02 Cavalier
45:05 Inquisition
45:31 Supremacy
46:57 Paladin
56:56 Murder Holes
57:48 Light Cavalry
59:57 Chain Mail Armor
60:17 Iron Casting
59:49 Squires
59:09 Pikeman
62:28 Plate Mail Armor
62:59 Blast Furnace
61:50 Halberdier
64:31 Hussar
69:13 Block Printing
69:26 Illumination
69:17 Redemption
SEXO FUERTE
0:28 Loom
12:51 Feudal Age
13:35 Double-Bit Axe
16:35 Wheelbarrow
21:46 Castle Age
19:58 Stone Mining
20:10 Horse Collar
27:10 Hand Cart
27:22 Squires
27:55 Pikeman
29:35 Bow Saw
30:54 Forging
30:47 Scale Mail Armor
31:25 Heavy Plow
31:19 Gold Mining
34:30 Chain Mail Armor
34:06 Fletching
34:17 Padded Archer Armor
38:39 Imperial Age
37:54 Gold Shaft Mining
37:56 Stone Shaft Mining
38:35 Iron Casting
37:56 Bodkin Arrow
38:16 Leather Archer Armor
40:11 Ballistics
40:51 Chemistry
41:35 Two-Man Saw
42:39 Halberdier
44:22 Conscription
45:08 Blast Furnace
44:08 Bracer
44:39 Ring Archer Armor
44:43 Plate Mail Armor
45:37 Elite Chu Ko Nu
50:10 Scale Barding Armor
58:54 Capped Ram
63:12 Siege Ram
66:53 Elite Fire Lancer
73:35 Arson
Murduk1312
10:51 Feudal Age
19:49 Castle Age
18:23 Horse Collar
18:39 Gold Mining
18:38 Horse Collar
20:29 Heavy Plow
24:29 Pikeman
25:43 Squires
25:33 Eagle Warrior
27:00 Fervor
30:41 Redemption
30:52 Sanctity
39:45 Scale Mail Armor
39:55 Forging
40:55 Town Watch
43:45 Imperial Age
42:44 Loom
43:34 Wheelbarrow
42:59 Town Patrol
42:55 Double-Bit Axe
45:25 Chain Mail Armor
45:45 Iron Casting
45:57 Iron Casting
46:09 Garland Wars
49:32 Elite Jaguar Warrior
51:19 Blast Furnace
50:49 Plate Mail Armor
54:20 Arson
53:57 Elite Eagle Warrior
56:40 Theocracy
56:20 Block Printing
56:06 Devotion
56:27 Heresy
56:26 Atonement
64:49 Ballistics
67:41 Elite Skirmisher
72:24 Chemistry
74:59 Hand Cart
Connection lost

Rejoining the realm…

Still unreachable

The connection could not be restored.

Session expired

The server has moved on; the page needs a fresh start.